 Dungeon Crawl Stone Soup version 0.30-a0-632-g346586fe48 (webtiles) character file.

Game seed: 6865256004687614796

410 bmack86 the Chopper (level 6, -7/56 HPs)
             Began as a Minotaur Fighter on Jan 14, 2023.
             Mangled by an orc warrior
             ... wielding a +0 flail
             ... summoned by a gnoll
              (10 damage)
             ... on level 5 of the Dungeon.
             The game lasted 00:08:45 (2979 turns).

bmack86 the Chopper (Minotaur Fighter)              Turns: 2979, Time: 00:08:46

Health: -7/56      AC:  9    Str: 22    XL:     6   Next: 58%
Magic:  5/5        EV:  7    Int:  5    God:
Gold:   181        SH:  5    Dex: 10    Spells: 5/5 levels left

rFire   . . .      SeeInvis .    a - +0 war axe
rCold   . . .      Faith    .    c - +0 buckler
rNeg    . . .      Spirit   .    n - +0 chain mail
rPois   .          Reflect  .    (helmet restricted)
rElec   .          Harm     .    (no cloak)
rCorr   .          Rampage  .    (no gloves)
Will    .....                    (no boots) Stlth
                                 (no amulet)
HPRegen 0.29/turn                (no ring)
MPRegen 0.09/turn                (no ring)

@: no status effects
A: horns 2, retaliatory headbutt
a: no special abilities


You were on level 5 of the Dungeon.
You visited 1 branch of the dungeon, and saw 6 of its levels.

You collected 181 gold pieces.

Inventory:

Hand Weapons
 a - a +0 war axe (weapon)
Missiles
 f - 16 poisoned darts (quivered)
Armour
 c - a +0 buckler (worn)
 n - a +0 chain mail (worn)
Wands
 d - a wand of charming (7)
Scrolls
 b - 2 scrolls of identify
 g - a scroll of magic mapping
 m - a scroll of poison {unknown}
 o - a scroll of amnesia
 p - a scroll of fear {unknown}
 q - a scroll of immolation {unknown}
 r - a scroll of teleportation {unknown}
Potions
 e - a potion of mutation
 h - a potion of attraction {unknown}
 i - a potion of degeneration {unknown}
 j - 3 potions of curing {unknown}
 l - 3 potions of berserk rage {unknown}


   Skills:
 + Level 5.0 Fighting
 * Level 5.4 Axes
 + Level 1.9 Throwing
 + Level 5.0 Armour
 + Level 5.0 Shields


You had 5 spell levels left.
You didn't know any spells.
Your spell library contained the following spells:

 Spells                   Type           Power      Damage    Failure   Level
 Apportation              Tloc           0%         N/A       99%         1
 Necrotise                Necr           0%         1d4       99%         1
 Summon Small Mammal      Summ           0%         N/A       99%         1
 Ensorcelled Hibernation  Hex/Ice        0%         N/A       100%        2
 Spider Form              Tmut/Pois      0%         N/A       100%        3
 Vampiric Draining        Necr           0%         2d6       100%        3
 Anguish                  Hex/Necr       0%         N/A       100%        4
 Agony                    Necr           0%         N/A       100%        5


Dungeon Overview and Level Annotations

Branches:
Dungeon (6/15)             Temple (0/1) D:5

Altars:


Innate Abilities, Weirdness & Mutations

You have a pair of horns on your head.
You reflexively headbutt those who attack you in melee.


Message History

The orc wizard closely misses you. You furiously retaliate!
You headbutt the orc wizard!
You kill the orc wizard!
The orc wizard's corpse dissolves into shadows!
The gnoll hits you but does no damage.
You feel much better. The orc warrior closely misses you.
The orc priest looks braver for a moment.
The gnoll barely misses you.
You barely miss the orc priest. You headbutt the orc priest!
You kill the orc priest!
The orc priest's corpse dissolves into shadows!
You hit the orc warrior.
The orc warrior hits you with a +0 flail.
The gnoll hits you from afar with a +0 spear.
The orc warrior hits you with a +0 flail!
* * * LOW HITPOINT WARNING * * *
The orc priest barely misses you.
You hit the orc priest. Your headbutt misses the orc priest.
The orc priest is moderately wounded.
You barely miss the orc warrior.
The gnoll hits you from afar with a +0 spear.
* * * LOW HITPOINT WARNING * * *
The orc warrior hits you but does no damage.
You block the orc priest's attack. The gnoll hits you but does no damage.
You feel much better.
The orc warrior hits you with a +0 flail!
You block the orc priest's attack. The gnoll hits you but does no damage.
You hit the orc warrior but do no damage.
You hit the orc priest.
The orc warrior hits you with a +0 flail!
* * * LOW HITPOINT WARNING * * *
The orc priest invokes the aid of Beogh against you.
Beogh smites you!
* * * LOW HITPOINT WARNING * * *
The gnoll hits you but does no damage.
You slash the orc warrior! You headbutt the orc warrior.
The orc warrior is heavily wounded.
You hit the orc priest.
The orc warrior hits you with a +0 flail!
You die...

####### ** ############......
,* ####@o..........####.
,***********#ggo.############
##. ,**,,,,.....lg####*******
#.. ,,,,***###....,,,,,,,,,,*
*#.# ,**** #....,,,,,,**,,*
**#..# ,* #....,,,,,,,,,**
**...## ,*
*****#....,,,,,,,*** **..##*#
*****,,,,.....,,,,,,** #..#*
# ,,,,,,,,......,,,,<,* #>#*
#


You could see an orc warrior (summoned), an iguana (summoned), an orc priest
(summoned) and 3 gnolls.

Vanquished Creatures
  A black bear (D:4)
  A scorpion (D:5)
  A hound (D:3)
  An iguana (D:3)
  Jessica (D:2)
  Robin (D:2)
  7 adders
  A worm (D:4)
  3 dart slugs
  6 orcs
  3 ball pythons
  8 endoplasms
  2 giant cockroaches (D:1)
  12 goblins
  13 hobgoblins
  5 jackals
  4 kobolds
  2 quokkas
  6 bats
  A frilled lizard (D:1)
  8 rats
87 creatures vanquished.

Vanquished Creatures (others)
  6 plants (D:2)
6 creatures vanquished.

Grand Total: 93 creatures vanquished

Notes
Turn   | Place    | Note
-------+----------+-------------------------------------------
     0 | D:1      | bmack86 the Minotaur Fighter began the quest for the Orb.
     0 | D:1      | Reached XP level 1. HP: 19/19 MP: 0/0
   198 | D:1      | Reached XP level 2. HP: 27/27 MP: 1/1
   904 | D:2      | Identified the +0 helmet "Ibbesui" {Will+ Int+5}
   904 | D:2      | Noticed Robin
   909 | D:2      | Reached XP level 3. HP: 30/33 MP: 2/2
   919 | D:2      | Killed Robin
  1220 | D:2      | Noticed Jessica
  1228 | D:2      | Killed Jessica
  1229 | D:2      | Reached XP level 4. HP: 21/40 MP: 3/3
  1882 | D:3      | Reached XP level 5. HP: 44/47 MP: 4/4
  1929 | D:3      | Reached skill level 1 in Throwing
  2602 | D:4      | Noticed a black bear
  2612 | D:4      | Killed a black bear
  2613 | D:4      | Reached skill level 5 in Axes
  2613 | D:4      | Reached XP level 6. HP: 16/55 MP: 5/5
  2907 | D:4      | You fall into a shaft and drop 2 floors!
  2920 | D:5      | Entered Level 5 of the Dungeon
  2927 | D:5      | Reached skill level 5 in Fighting
  2927 | D:5      | Reached skill level 5 in Armour
  2927 | D:5      | Reached skill level 5 in Shields
  2970 | D:5      | Noticed an orc warrior
  2979 | D:5      | Mangled by an orc warrior

Illustrated notes

Levels and vault maps discovered:
D:1:      dpeg_arrival_arbitrary_c, layout_loops_corners
D:2:      layout_rooms, serial_bayou_ford_a, dk_noncrumbling_4, fountainhead,
          uniq_robin, uniq_jessica
D:3:      layout_basic, serial_park_tiny_1, minmay_fractal_squares_5
D:4:      layout_cave_pools, minivault_23, minmay_misc_feat_secret_circle
D:5:      layout_rooms, minmay_temple_entry_antechambers, uniq_prince_ribbit1
D:6:      layout_basic, eat_drink_and_be_merry_uskayaw,
          grunt_temple_overflow_open

Skill      XL: |  1  2  3  4  5  6 |
---------------+-------------------+-----
Axes           | 3 4 5 |  5.4
Armour         | 4 5 |  5.0
Shields        | 4 5 |  5.0
Fighting       | 4 5 |  5.0
Throwing       | 1 |  1.9

Action                   |  1- 3 |  4- 6 || total
-------------------------+-------+-------++-------
Melee: War axe           |    59 |   106 ||   165
       Headbutt          |     9 |    24 ||    33
  Use: Scroll            |     1 |     4 ||     5
       Potion            |       |     4 ||     4
Armor: Scale mail        |    42 |     1 ||    43
       Chain mail        |       |    80 ||    80
Dodge: Dodged            |    48 |    57 ||   105
Block: Buckler           |    15 |    21 ||    36

Table legend: (Time is in decaauts)
 A = Elapsed time spent in this place.
 B = Non-inter-level travel time spent in this place.
 C = Inter-level travel time spent in this place.
 D = Time resting spent in this place.
 E = Time spent auto-exploring this place.
 F = Levels seen in this place.
 G = Mean time per level.
                   A        B        C        D        E       F      G
               +--------+--------+--------+--------+--------+-----+--------+
         Total |   3039 |   2984 |     55 |    103 |   1949 |   6 |  506.5 |
       Dungeon |   3039 |   2984 |     55 |    103 |   1949 |   6 |  506.5 |
               +--------+--------+--------+--------+--------+-----+--------+

Top non-repeatable levels by time:
     D:1: 900 daAuts
     D:3: 845 daAuts
     D:2: 760 daAuts
     D:4: 458 daAuts
     D:5: 62 daAuts
     D:6: 12 daAuts
